[Event "Titled Tuesday Blitz September 27 Early 2022"]
[White "Quispe Santacruz, Javier"]
[Black "Samarth, J Rao"]
[WhiteFideId "3800920"]
[BlackFideId "46652370"]
[WhiteElo "1930"]
[BlackElo "1514"]
[Result "1/2-1/2"]
[Round "06"]
[TimeControl "180+1"]
[Date "2022.09.27"]
[WhiteClock "0:00:21"]
[BlackClock "0:01:45"]

1. e4 c5 2. Nf3 d6 3. Bb5+ Nd7 4. d4 cxd4 5. Qxd4 a6 6. Bxd7+ Bxd7 7. Nc3 e5 8. Qd3 h6 9. O-O Nf6 10. a4 Rc8 11. b3 Rxc3 12. Qxc3 Nxe4 13. Qe3 Bc6 14. Ba3 Be7 15. Rad1 Qc7 16. Nd2 f5 17. Nc4 b5 18. axb5 axb5 19. Nb6 f4 20. Qh3 Qxb6 21. Qh5+ Kf8 22. Qf5+ Nf6 23. Bxd6 Bxd6 24. Rxd6 Kf7 25. Qe6+ Kg6 26. Rxc6 Qd4 27. Qg4+ Kh7 28. Qf5+ Kg8 29. Rc8+ Kf7 30. Rxh8 Qc5 31. Rc8 Qd5 32. Rc7+ Kf8 33. Qc8+ Ne8 34. Qf5+ Nf6 35. Rc8+ 1/2-1/2


[Site "https://www.chess.com"]

[Event "Titled Tuesday Blitz September 27 Early 2022"]
[White "Rama, Tejas"]
[Black "Forgacs, Attila Jr."]
[WhiteFideId "30907381"]
[BlackFideId "773654"]
[WhiteElo "1513"]
[BlackElo "2062"]
[Result "1-0"]
[Round "06"]
[TimeControl "180+1"]
[Date "2022.09.27"]
[WhiteClock "0:00:06"]
[BlackClock "0:00:06"]

1. d4 Nf6 2. c4 g6 3. Nf3 Bg7 4. Nc3 d5 5. Qb3 dxc4 6. Qxc4 O-O 7. e4 Na6 8. Be2 c5 9. d5 Nd7 10. O-O Nb6 11. Qd3 c4 12. Qc2 e6 13. Bg5 Qc7 14. Rad1 exd5 15. exd5 Nb4 16. Qc1 Bxc3 17. Qxc3 N4xd5 18. Qd4 Be6 19. Bh6 f6 20. Bxf8 Rxf8 21. Rfe1 Bf7 22. Rc1 Rd8 23. Bxc4 Nxc4 24. Qxc4 Qd7 25. Rcd1 Qf5 26. Qa4 Kg7 27. Qxa7 Qg4 28. h3 Qf5 29. Qxb7 Rc8 30. Rxd5 Qxd5 31. Qxc8 Qa5 32. Qc3 Qxa2 33. Re7 Qb1+ 34. Kh2 Qa1 35. Qc7 Kh6 36. Rxf7 g5 37. Rxh7+ Kg6 38. g4 f5 39. Qf7# 1-0


[Site "https://www.chess.com"]

[Event "Titled Tuesday Blitz September 27 Early 2022"]
[White "Ribeiro, Matheus Mendes Domingues"]
[Black "Melikhov, Evgeny V."]
[WhiteFideId "324226923"]
[BlackFideId "4122046"]
[WhiteElo "2047"]
[BlackElo "1963"]
[Result "1-0"]
[Round "06"]
[TimeControl "180+1"]
[Date "2022.09.27"]
[WhiteClock "0:02:06"]
[BlackClock "0:01:16"]

1. c4 e5 2. Nc3 d6 3. Nf3 f5 4. g3 Nf6 5. Bg2 Be7 6. O-O O-O 7. d4 e4 8. Nd2 a5 9. f3 exf3 10. Bxf3 c6 11. e4 fxe4 12. Ndxe4 Nxe4 13. Nxe4 Bh3 14. Bg2 Bxg2 15. Kxg2 Rxf1 16. Qxf1 Nd7 17. Qf5 Nf6 18. Bf4 Nxe4 19. Qxe4 Qd7 20. Re1 Bf8 21. d5 Rc8 22. b3 b5 23. dxc6 Qxc6 24. Qxc6 Rxc6 25. cxb5 Rc2+ 26. Kh3 Rxa2 27. Re8 Kf7 28. Rxf8+ Kxf8 29. b6 Rb2 30. b7 Rxb3 31. Bxd6+ Ke8 32. b8=Q+ Rxb8 33. Bxb8 Kd7 34. Be5 g6 35. Kg4 Ke6 36. Ba1 h6 37. Bg7 h5+ 38. Kg5 Kf7 39. Ba1 a4 40. Bb2 1-0


[Site "https://www.chess.com"]

[Event "Titled Tuesday Blitz September 27 Early 2022"]
[White "Riehle, Marco"]
[Black "Sprenar, Petr"]
[WhiteFideId "12904392"]
[BlackFideId "397164"]
[WhiteElo "2462"]
[BlackElo "2153"]
[Result "1-0"]
[Round "06"]
[TimeControl "180+1"]
[Date "2022.09.27"]
[WhiteClock "0:00:30"]
[BlackClock "0:00:03"]

1. e4 c5 2. a3 b6 3. b4 Bb7 4. Nc3 e6 5. Nf3 Nc6 6. b5 Nd4 7. Bb2 Nf6 8. d3 Nxf3+ 9. Qxf3 Be7 10. Be2 O-O 11. O-O d5 12. exd5 exd5 13. Rfe1 Qd7 14. Rad1 d4 15. Ne4 Qxb5 16. Bxd4 cxd4 17. Nxf6+ Bxf6 18. Qxb7 Qa5 19. Bf3 Rae8 20. Rxe8 Rxe8 21. g3 g6 22. h4 Kg7 23. h5 gxh5 24. Kg2 Re7 25. Qc8 Re5 26. Rh1 Qc5 27. Qd7 Qxa3 28. Bxh5 Qe7 29. Qc8 a5 30. Bf3 h6 31. Rb1 b5 32. Qg4+ Rg5 33. Qf4 a4 34. Bc6 a3 35. Rh1 Qc5 36. Be4 Qe5 37. Qh4 h5 38. Qh3 Qe6 39. Qh2 a2 40. Ra1 b4 41. f4 Ra5 42. f5 b3 43. fxe6 b2 44. Rxa2 Rxa2 45. Qxh5 fxe6 46. Qh7+ Kf8 47. Qb7 1-0


[Site "https://www.chess.com"]

[Event "Titled Tuesday Blitz September 27 Early 2022"]
[White "Rios Escobar, Adan"]
[Black "Curtis, John"]
[WhiteFideId "3403645"]
[BlackFideId "3200256"]
[WhiteElo "2327"]
[BlackElo "2203"]
[Result "1-0"]
[Round "06"]
[TimeControl "180+1"]
[Date "2022.09.27"]
[WhiteClock "0:00:30"]
[BlackClock "0:00:01"]

1. d4 Nf6 2. g3 d5 3. Nf3 c5 4. Bg2 cxd4 5. O-O Nc6 6. Nxd4 e5 7. Nxc6 bxc6 8. c4 Be6 9. Nc3 h6 10. Qa4 Qd7 11. Rd1 Rd8 12. Be3 Be7 13. Qxa7 d4 14. Qa6 Qc8 15. Qxc6+ Qxc6 16. Bxc6+ Kf8 17. Bxd4 exd4 18. Nb5 Bxc4 19. Nxd4 g6 20. b4 Kg7 21. b5 Bc5 22. e3 Rd6 23. Rac1 Bxd4 24. Rxc4 Be5 25. Rxd6 Bxd6 26. b6 Bb8 27. a4 Ne8 28. Bxe8 Rxe8 29. a5 Re5 30. a6 Rb5 31. a7 1-0


[Site "https://www.chess.com"]

[Event "Titled Tuesday Blitz September 27 Early 2022"]
[White "Rivas Garcia, Victor"]
[Black "Aqib Javaid Butt"]
[WhiteFideId "2217740"]
[BlackFideId "7801262"]
[WhiteElo "2301"]
[BlackElo "1634"]
[Result "1-0"]
[Round "06"]
[TimeControl "180+1"]
[Date "2022.09.27"]
[WhiteClock "0:02:23"]
[BlackClock "0:02:25"]

1. e4 c5 2. Nc3 d6 3. f4 Nf6 4. Nf3 Nc6 5. Bb5 Bd7 6. d3 g6 7. Bxc6 Bxc6 8. O-O Bg7 9. Qe1 O-O 10. Qh4 Nd7 11. f5 e6 12. Bg5 Bf6 13. Bxf6 Qxf6 14. Ng5 Qd4+ 15. Kh1 h5 16. fxe6 1-0


[Site "https://www.chess.com"]

[Event "Titled Tuesday Blitz September 27 Early 2022"]
[White "Roque Sola, Jose Luis"]
[Black "Alexikov, Alexander"]
[WhiteFideId "5120390"]
[BlackFideId "14103958"]
[WhiteElo "1990"]
[BlackElo "2222"]
[Result "0-1"]
[Round "06"]
[TimeControl "180+1"]
[Date "2022.09.27"]
[WhiteClock "0:00:02"]
[BlackClock "0:00:06"]

1. c4 Nf6 2. Nc3 g6 3. Nf3 Bg7 4. g3 O-O 5. Bg2 c6 6. O-O d6 7. d3 e5 8. Rb1 Re8 9. Nd2 Nbd7 10. b4 a6 11. a4 Qc7 12. b5 axb5 13. axb5 Nf8 14. bxc6 bxc6 15. Nb5 Qd7 16. Ba3 Re6 17. Bb4 Ra6 18. Nxd6 Rxd6 19. Bxd6 Qxd6 20. Qb3 c5 21. Qb8 Bf5 22. Qxd6 Rxd6 23. Rb5 N6d7 24. Ne4 Rc6 25. h3 h5 26. Ng5 Rc7 27. Kh2 Ne6 28. Nxe6 Bxe6 29. Ra1 Kh7 30. Ra8 f5 31. Ra6 Bf7 32. Rd6 e4 33. dxe4 Bxc4 34. Ra5 Bxe2 35. exf5 gxf5 36. Bc6 Ne5 37. Bd5 Nf3+ 38. Bxf3 Bxf3 39. Ra8 c4 40. Ra3 c3 41. Rd3 Be4 42. Re3 c2 0-1


[Site "https://www.chess.com"]

[Event "Titled Tuesday Blitz September 27 Early 2022"]
[White "Rosenberg, Evan S"]
[Black "Manukian, Artak"]
[WhiteFideId "2019299"]
[BlackFideId "13301373"]
[WhiteElo "2364"]
[BlackElo "2506"]
[Result "0-1"]
[Round "06"]
[TimeControl "180+1"]
[Date "2022.09.27"]
[WhiteClock "0:01:07"]
[BlackClock "0:00:22"]

1. Nf3 g6 2. e4 Bg7 3. d4 d6 4. Nc3 Nf6 5. h3 O-O 6. Be3 Nbd7 7. e5 Ne8 8. e6 fxe6 9. Ng5 Ndf6 10. Bc4 d5 11. Bd3 c5 12. Qd2 c4 13. Be2 Nd6 14. h4 b5 15. h5 h6 16. Nxe6 Bxe6 17. Bxh6 Nfe4 18. Nxe4 Nxe4 19. Qe3 Qd6 20. Bxg7 Kxg7 21. g3 Qb4+ 22. c3 Qxb2 23. O-O Qd2 24. h6+ Kh7 25. Kg2 Qxe3 26. fxe3 Nxc3 27. Bf3 Bf5 28. Rac1 b4 29. Rxc3 bxc3 30. Bxd5 Rab8 31. e4 Bg4 32. Rc1 Rb2+ 33. Kg1 c2 34. e5 Rb1 35. Kg2 Rxc1 36. Be4 Bf5 37. Bxc2 Rxc2+ 38. Kf3 Kxh6 39. Ke3 c3 40. d5 Rd2 41. d6 exd6 42. exd6 Rxd6 43. g4 Re8+ 44. Kf4 c2 45. Kg3 Rd3+ 46. Kh4 g5# 0-1


[Site "https://www.chess.com"]

[Event "Titled Tuesday Blitz September 27 Early 2022"]
[White "Rostovtsev, Dmitry"]
[Black "Lazavik, Denis"]
[WhiteFideId "34278320"]
[BlackFideId "13515110"]
[WhiteElo "2313"]
[BlackElo "2437"]
[Result "0-1"]
[Round "06"]
[TimeControl "180+1"]
[Date "2022.09.27"]
[WhiteClock "0:00:01"]
[BlackClock "0:00:09"]

1. e4 c5 2. Nf3 e6 3. c3 Nf6 4. Bd3 d5 5. e5 Nfd7 6. Bc2 c4 7. O-O Nc6 8. Re1 g5 9. d4 cxd3 10. Bxd3 g4 11. Nd4 Ncxe5 12. Bb5 Qf6 13. c4 dxc4 14. Nc3 Nd3 15. Be3 Nxe1 16. Qxe1 Be7 17. Bxc4 Ne5 18. Bb5+ Bd7 19. Ne4 Qg7 20. Rd1 Bxb5 21. Nxb5 O-O 22. Bd4 Rad8 23. Kf1 a6 24. Nbc3 Rxd4 25. Rxd4 Nf3 26. gxf3 Qxd4 27. fxg4 Rd8 28. h3 b5 29. a3 b4 30. axb4 Bxb4 31. Kg2 Bf8 32. Qc1 Bg7 33. Qg5 Rb8 34. h4 h6 35. Qc1 Rc8 36. Qf4 Qe5 37. Qf3 a5 38. g5 hxg5 39. hxg5 Qf5 40. Qh5 Bxc3 41. Nxc3 Rc5 42. Qd1 Qxg5+ 43. Kf1 Qh5 44. Qd8+ Kh7 45. Qd3+ Rf5 46. Ne4 Qg6 47. Qh3+ Kg8 48. Qd3 Rf4 49. Qd8+ Kg7 50. Qd4+ Kh7 51. f3 Rxf3+ 52. Ke2 Rf4 53. Ng5+ Qxg5 0-1


[Site "https://www.chess.com"]

[Event "Titled Tuesday Blitz September 27 Early 2022"]
[White "Rottenwohrer Suarez, Juan"]
[Black "Fiorito, Joaquin"]
[WhiteFideId "32068182"]
[BlackFideId "180173"]
[WhiteElo "2132"]
[BlackElo "1758"]
[Result "0-1"]
[Round "06"]
[TimeControl "180+1"]
[Date "2022.09.27"]
[WhiteClock "0:00:01"]
[BlackClock "0:00:58"]

1. Nf3 d5 2. g3 Nf6 3. Bg2 Bf5 4. c4 c6 5. O-O e6 6. h3 Be7 7. d4 h6 8. Nc3 O-O 9. Ne5 Nbd7 10. f4 Bh7 11. Kh2 Rc8 12. Be3 b6 13. Rc1 Bb4 14. a3 Bxc3 15. bxc3 Ne4 16. cxd5 cxd5 17. c4 Nxe5 18. fxe5 dxc4 19. Qa4 c3 20. Qxa7 Nd2 21. Rfd1 Nb3 22. d5 Nxc1 23. Bxc1 c2 24. Rd4 exd5 25. Rxd5 Qc7 26. Qa6 Rfd8 27. Qb5 Rxd5 28. Qxd5 Bf5 29. Qf3 Be6 30. g4 Qxe5+ 31. Kh1 Qa1 32. Qe3 Rd8 33. Kh2 Rd1 34. Qxb6 Qxc1 35. Qb8+ Kh7 36. Be4+ g6 37. Qf8 Qf4+ 0-1


[Site "https://www.chess.com"]

[Event "Titled Tuesday Blitz September 27 Early 2022"]
[White "Rustemov, Alexander"]
[Black "Sethuraman, S.P."]
[WhiteFideId "4119002"]
[BlackFideId "5021596"]
[WhiteElo "2823"]
[BlackElo "2425"]
[Result "1-0"]
[Round "06"]
[TimeControl "180+1"]
[Date "2022.09.27"]
[WhiteClock "0:00:58"]
[BlackClock "0:00:08"]

1. d4 d5 2. c4 c6 3. Nc3 Nf6 4. e3 e6 5. Nf3 Nbd7 6. Qc2 Bd6 7. b3 O-O 8. Be2 e5 9. cxd5 cxd5 10. Nb5 Bb4+ 11. Bd2 Bxd2+ 12. Nxd2 e4 13. Qc7 a6 14. Qxd8 Rxd8 15. Nc3 Nb6 16. f3 exf3 17. gxf3 Be6 18. Kf2 Rac8 19. Rhc1 Rc6 20. Na4 Rxc1 21. Rxc1 Nxa4 22. bxa4 Rc8 23. Rxc8+ Bxc8 24. a5 Kf8 25. Nb3 Ke7 26. h4 g6 27. Nc5 Ne8 28. e4 Kd6 29. Ke3 Nc7 30. e5+ Ke7 31. f4 Ne6 32. Nxe6 Bxe6 33. h5 Kd7 34. h6 Kc6 35. Kd2 b5 36. a3 Bf5 37. Ke3 Kd7 38. Kf2 Be6 39. Kg3 Bf5 40. Kh4 Ke7 41. Kg5 Bc2 42. Bg4 Bd3 43. Bc8 b4 44. axb4 Bb5 45. f5 Bc4 46. Bb7 Ke8 47. fxg6 fxg6 48. Kf6 Be2 49. Bc6+ Kf8 50. e6 1-0


[Site "https://www.chess.com"]

[Event "Titled Tuesday Blitz September 27 Early 2022"]
[White "Sadilek, Peter"]
[Black "Samunenkov, Ihor"]
[WhiteFideId "1616439"]
[BlackFideId "14187086"]
[WhiteElo "2145"]
[BlackElo "2441"]
[Result "0-1"]
[Round "06"]
[TimeControl "180+1"]
[Date "2022.09.27"]
[WhiteClock "0:00:10"]
[BlackClock "0:00:05"]

1. d4 Nf6 2. Nf3 e6 3. Bg5 h6 4. Bh4 c5 5. e3 d5 6. Nbd2 Bd6 7. dxc5 Bxc5 8. c4 Nc6 9. Rc1 Be7 10. Be2 O-O 11. O-O dxc4 12. Nxc4 Nd5 13. Bxe7 Qxe7 14. a3 Rd8 15. Qc2 Bd7 16. Rfd1 Be8 17. Qe4 Rac8 18. h3 Nf6 19. Qb1 Rxd1+ 20. Rxd1 Rd8 21. b4 Nd5 22. Qb2 a6 23. Nd4 Nxd4 24. Qxd4 Rc8 25. Nb6 Nxb6 26. Qxb6 Bc6 27. Rc1 Qg5 28. Bf3 Bxf3 29. Rxc8+ Kh7 30. g3 Qf5 31. g4 Qb1+ 32. Kh2 Qh1+ 33. Kg3 Qg2+ 34. Kf4 Qxf2 35. Ke5 Qg3+ 36. Kd4 Bc6 37. Qc7 Qe1 38. Kc5 Qxe3+ 39. Kd6 Qf4+ 40. Ke7 Qg5+ 41. Kf8 Qf6 42. Qxf7 Qd4 43. Qg8+ Kg6 44. Qf7+ Kh7 45. Ke7 Qd7+ 46. Kf8 Qxc8+ 47. Ke7 Qd7+ 48. Kf8 Qxf7+ 49. Kxf7 e5 0-1


[Site "https://www.chess.com"]

[Event "Titled Tuesday Blitz September 27 Early 2022"]
[White "Sai Han Thiha"]
[Black "Ravi, Thandalam Shanmugam"]
[WhiteFideId "13012290"]
[BlackFideId "5000238"]
[WhiteElo "1791"]
[BlackElo "2063"]
[Result "1-0"]
[Round "06"]
[TimeControl "180+1"]
[Date "2022.09.27"]
[WhiteClock "0:00:21"]
[BlackClock "0:01:07"]

1. d4 Nf6 2. c4 e6 3. Nf3 d5 4. Nc3 c6 5. Bg5 dxc4 6. a4 Be7 7. e3 O-O 8. Bxc4 h6 9. Bh4 Nd5 10. Bg3 Nd7 11. O-O N7b6 12. Bd3 Nb4 13. Bb1 c5 14. dxc5 Bxc5 15. Qe2 Bd7 16. Rd1 Qe7 17. b3 Rac8 18. Ne4 Rfd8 19. Nxc5 Qxc5 20. Bd6 Qc3 21. Be5 Qxb3 22. Nd4 Qc4 23. Qg4 Bxa4 24. Qxg7# 1-0


[Site "https://www.chess.com"]

[Event "Titled Tuesday Blitz September 27 Early 2022"]
[White "Sailer, Mike"]
[Black "Vargas, Mauricio"]
[WhiteFideId "2012901"]
[BlackFideId "4404572"]
[WhiteElo "2109"]
[BlackElo "2004"]
[Result "1-0"]
[Round "06"]
[TimeControl "180+1"]
[Date "2022.09.27"]
[WhiteClock "0:02:38"]
[BlackClock "0:00:05"]

1. d4 d6 2. Nc3 Nf6 3. Bg5 g6 4. e4 Bg7 5. Qd2 h6 6. Be3 g5 7. f3 c6 8. h4 e5 9. O-O-O gxh4 10. dxe5 dxe5 11. Qxd8# 1-0


[Site "https://www.chess.com"]

[Event "Titled Tuesday Blitz September 27 Early 2022"]
[White "Salman, Pavel"]
[Black "Szente Varga, Fruzsina"]
[WhiteFideId "24153753"]
[BlackFideId "712264"]
[WhiteElo "2039"]
[BlackElo "1994"]
[Result "1-0"]
[Round "06"]
[TimeControl "180+1"]
[Date "2022.09.27"]
[WhiteClock "0:00:54"]
[BlackClock "0:01:09"]

1. Nf3 Nf6 2. g3 d5 3. Bg2 g6 4. O-O Bg7 5. d3 O-O 6. Nbd2 Re8 7. Re1 e5 8. e4 d4 9. Nc4 Nbd7 10. a4 c6 11. Nh4 Qc7 12. f4 Nh5 13. f5 b5 14. axb5 cxb5 15. Nd2 Nc5 16. Ndf3 Bb7 17. Rf1 a6 18. Ng5 Rac8 19. fxg6 fxg6 20. Bh3 h6 21. Nxg6 Nxg3 22. hxg3 hxg5 23. Bxg5 Ne6 24. Qh5 Nxg5 25. Qxg5 Qd8 26. Qh5 Rxc2 27. Nh4 Rf8 28. Be6+ 1-0


[Site "https://www.chess.com"]

[Event "Titled Tuesday Blitz September 27 Early 2022"]
[White "Saucey, Michel"]
[Black "Sadykov, Ramil"]
[WhiteFideId "601845"]
[BlackFideId "24113590"]
[WhiteElo "2253"]
[BlackElo "2243"]
[Result "0-1"]
[Round "06"]
[TimeControl "180+1"]
[Date "2022.09.27"]
[WhiteClock "0:00:24"]
[BlackClock "0:01:31"]

1. d4 Nf6 2. Nf3 b5 3. g3 Bb7 4. Bg2 e6 5. O-O c5 6. c3 d5 7. Bg5 Nbd7 8. Nbd2 Be7 9. a4 b4 10. Ne5 Nxe5 11. dxe5 Nd7 12. Bxe7 Qxe7 13. cxb4 Nxe5 14. bxc5 Qxc5 15. Nb3 Qb4 16. Nd4 O-O 17. Ra3 Ba6 18. Re1 Nc4 19. Rb3 Qxa4 20. e4 dxe4 21. Bxe4 Rad8 22. Bc6 Qa5 23. Bg2 e5 0-1


[Site "https://www.chess.com"]

[Event "Titled Tuesday Blitz September 27 Early 2022"]
[White "Schill, William"]
[Black "Lorenzo De La Riva, Lazaro"]
[WhiteFideId "2016710"]
[BlackFideId "2268809"]
[WhiteElo "1950"]
[BlackElo "2325"]
[Result "0-1"]
[Round "06"]
[TimeControl "180+1"]
[Date "2022.09.27"]
[WhiteClock "0:00:01"]
[BlackClock "0:01:22"]

1. e4 c5 2. Nf3 e6 3. d4 cxd4 4. Nxd4 Nc6 5. Nc3 Nf6 6. Nxc6 bxc6 7. e5 Nd5 8. Ne4 Qc7 9. f4 Qb6 10. c4 Ne3 11. Qd3 Nf5 12. a3 a5 13. b3 Nd4 14. Rb1 Bb7 15. Be2 c5 16. Be3 Nc2+ 17. Qxc2 Qc6 18. Bf3 Qc7 19. O-O Be7 20. Rbd1 f5 21. Nd6+ Bxd6 22. exd6 Qc8 23. Bxb7 Qxb7 24. Bxc5 Qc6 25. b4 axb4 26. axb4 O-O 27. Ra1 Rac8 28. Qc3 Qe4 29. Rae1 Qb7 0-1


[Site "https://www.chess.com"]

[Event "Titled Tuesday Blitz September 27 Early 2022"]
[White "Seo, Jung Min"]
[Black "Dowgird, Filip"]
[WhiteFideId "1734687"]
[BlackFideId "1121235"]
[WhiteElo "2455"]
[BlackElo "2215"]
[Result "0-1"]
[Round "06"]
[TimeControl "180+1"]
[Date "2022.09.27"]
[WhiteClock "0:00:01"]
[BlackClock "0:00:06"]

1. e4 d6 2. d4 Nf6 3. Nc3 c6 4. f4 Qa5 5. Bd2 e5 6. fxe5 dxe5 7. d5 Qb6 8. Bc4 Qxb2 9. Nf3 Bg4 10. Rb1 Qa3 11. Rxb7 Qc5 12. Qe2 Nbd7 13. Rc7 Qa5 14. Rxc6 Bb4 15. Nb1 Nb6 16. a3 Bxd2+ 17. Qxd2 Qa4 18. Nc3 Nxc4 19. Nxa4 Nxd2 20. Nxd2 Bd7 21. Ra6 Bb5 22. Ra5 a6 23. c4 Bxa4 24. Rxa4 Nd7 25. Ke2 Ke7 26. Rb1 Nc5 27. Ra5 Rhc8 28. Ke3 f6 29. Rb6 Kd7 30. g4 Rc7 31. h4 h6 32. g5 hxg5 33. hxg5 Rh8 34. gxf6 Rh3+ 35. Ke2 gxf6 36. Rxf6 Rh2+ 37. Rf2 Rh3 38. Rf3 Rh2+ 39. Rf2 Rh7 0-1


[Site "https://www.chess.com"]

[Event "Titled Tuesday Blitz September 27 Early 2022"]
[White "Sharifov, Mekhriddin"]
[Black "Vignesh, N R"]
[WhiteFideId "14701545"]
[BlackFideId "25012215"]
[WhiteElo "1540"]
[BlackElo "2363"]
[Result "0-1"]
[Round "06"]
[TimeControl "180+1"]
[Date "2022.09.27"]
[WhiteClock "0:00:02"]
[BlackClock "0:00:34"]

1. e4 c5 2. Nf3 d6 3. d4 cxd4 4. Nxd4 Nf6 5. Nc3 a6 6. Bg5 Nc6 7. Bxf6 gxf6 8. Bc4 e6 9. Bb3 h5 10. Qd3 Bd7 11. O-O-O Ne5 12. Qh3 Rc8 13. Kb1 Nc4 14. f4 Qa5 15. Rhe1 Be7 16. Bxc4 Rxc4 17. Nb3 Qc7 18. f5 b5 19. fxe6 fxe6 20. Nd2 Rc5 21. Nb3 Rc4 22. Nd2 Rc6 23. a3 e5 24. Qd3 Rxc3 25. Qxc3 Qxc3 26. bxc3 Be6 27. Nf1 Kf7 28. Ne3 Rc8 29. Kb2 Rc5 30. Rd3 Bf8 31. Red1 Bh6 32. Nd5 f5 33. exf5 Bxf5 34. Rf3 Ke6 35. Nb4 e4 36. Rg3 Bg4 37. Rd4 d5 38. Nxa6 Rc8 39. Nb4 Rc5 40. h3 Bf4 41. hxg4 Bxg3 42. gxh5 Be5 43. Rd1 Bxc3+ 44. Kb1 d4 45. h6 Rh5 46. Ka2 Rxh6 47. Nc6 Kd5 48. Ne7+ Ke5 49. Rf1 e3 50. Nf5 e2 0-1


[Site "https://www.chess.com"]

[Event "Titled Tuesday Blitz September 27 Early 2022"]
[White "Shashikant, Kutwal"]
[Black "Torres Boch, Jose Francisco"]
[WhiteFideId "5006520"]
[BlackFideId "2278383"]
[WhiteElo "2321"]
[BlackElo "2088"]
[Result "0-1"]
[Round "06"]
[TimeControl "180+1"]
[Date "2022.09.27"]
[WhiteClock "0:00:01"]
[BlackClock "0:00:38"]

1. e4 e5 2. Nf3 Nc6 3. Bb5 a6 4. Bxc6 dxc6 5. O-O Be7 6. Nxe5 Qd4 7. Nf3 Qxe4 8. Re1 Qg6 9. Ne5 Qf5 10. b3 Be6 11. Bb2 O-O-O 12. d3 Nf6 13. Nd2 h5 14. Qf3 Qg5 15. Ndc4 Bd6 16. Nxd6+ cxd6 17. Nxc6 bxc6 18. Qxc6+ Kb8 19. Qb6+ Kc8 20. Qxa6+ Kd7 21. Qb7+ Ke8 22. a4 Kf8 23. a5 Kg8 24. a6 Bd5 25. f3 Bxb7 26. axb7 Kh7 27. Re7 Qd5 28. Ra7 Rb8 0-1


[Site "https://www.chess.com"]

[Event "Titled Tuesday Blitz September 27 Early 2022"]
[White "Shivika, Rohilla"]
[Black "Paiva, Henrique M A Albergaria"]
[WhiteFideId "45015414"]
[BlackFideId "1920995"]
[WhiteElo "1605"]
[BlackElo "1975"]
[Result "0-1"]
[Round "06"]
[TimeControl "180+1"]
[Date "2022.09.27"]
[WhiteClock "0:00:02"]
[BlackClock "0:00:53"]

1. e4 c5 2. Nf3 d6 3. d4 cxd4 4. Nxd4 Nf6 5. Nc3 Nc6 6. Be3 e5 7. Ndb5 a6 8. Na3 Be6 9. f3 Be7 10. Nc4 O-O 11. Nb6 Rb8 12. Be2 Qc7 13. O-O Rfd8 14. a4 Nb4 15. a5 d5 16. Nbxd5 Nbxd5 17. Nxd5 Nxd5 18. exd5 Rxd5 19. Qc1 Bc5 20. c3 Rbd8 21. Kh1 Bxe3 22. Qxe3 Rxa5 23. Rxa5 Qxa5 24. Bd3 Qd5 25. Be4 Qd7 26. h3 Bxh3 27. gxh3 Qxh3+ 28. Kg1 Qg3+ 29. Kh1 Rd6 30. b4 Kh8 31. c4 Rh6+ 32. Qxh6 gxh6 33. Bxb7 Qh3+ 34. Kg1 f5 35. Bxa6 Qg3+ 36. Kh1 h5 37. c5 h4 38. Bb7 Qf4 39. b5 h3 0-1


[Site "https://www.chess.com"]

[Event "Titled Tuesday Blitz September 27 Early 2022"]
[White "Shyaamnikhil P"]
[Black "Buscar, Michael"]
[WhiteFideId "5024218"]
[BlackFideId "2603616"]
[WhiteElo "2273"]
[BlackElo "2010"]
[Result "0-1"]
[Round "06"]
[TimeControl "180+1"]
[Date "2022.09.27"]
[WhiteClock "0:00:18"]
[BlackClock "0:00:35"]

1. d4 d5 2. Nf3 e6 3. Bg5 Be7 4. h4 Nf6 5. Nbd2 Nbd7 6. e3 a6 7. Bd3 c5 8. c3 cxd4 9. exd4 b5 10. Ne5 Nxe5 11. dxe5 Nd7 12. Nf3 h6 13. Bxe7 Qxe7 14. O-O Bb7 15. a4 b4 16. a5 O-O 17. Bc2 bxc3 18. Qd3 f5 19. exf6 Rxf6 20. Qh7+ Kf7 21. h5 Nf8 22. Bg6+ Rxg6 23. hxg6+ Kf6 24. Ra4 Nxh7 25. gxh7 Kg6 0-1


[Site "https://www.chess.com"]

[Event "Titled Tuesday Blitz September 27 Early 2022"]
[White "Sipila, Vilka"]
[Black "Timofeev, Artyom"]
[WhiteFideId "505455"]
[BlackFideId "4140419"]
[WhiteElo "2329"]
[BlackElo "2579"]
[Result "0-1"]
[Round "06"]
[TimeControl "180+1"]
[Date "2022.09.27"]
[WhiteClock "0:00:10"]
[BlackClock "0:00:21"]

1. b3 c5 2. Bb2 d6 3. e3 Nc6 4. f4 Nf6 5. Bxf6 exf6 6. Nf3 f5 7. Bb5 Bd7 8. O-O g6 9. d4 Bg7 10. c3 O-O 11. d5 Ne5 12. Bxd7 Nxf3+ 13. gxf3 Qxd7 14. Qd3 b5 15. Nd2 b4 16. Rac1 bxc3 17. Nb1 a5 18. Nxc3 Bxc3 19. Qxc3 a4 20. b4 cxb4 21. Qxb4 Rab8 22. Qa3 Rfe8 23. Rc6 Qa7 24. Re1 Qa5 25. Kf2 Qxd5 26. Rxd6 Qb5 27. Re2 Qb1 28. Qxa4 Qh1 29. Kg3 Qg1+ 30. Rg2 Qxe3 31. Qd4 Qe1+ 32. Qf2 Qa1 33. Qd4 Qc1 34. Rd7 Qe1+ 35. Qf2 Qe6 36. Qd4 Ra8 37. Qd5 Qxd5 38. Rxd5 Ra3 39. Rdd2 Ree3 40. Rgf2 Kg7 41. h4 Rec3 42. Rc2 Re3 43. Rce2 Red3 44. Rd2 Rxd2 45. Rxd2 Kh6 46. Re2 Ra4 47. Re7 Kg7 48. Re2 Kf6 49. Rd2 Kg7 50. Rc2 Kh6 51. Rd2 f6 52. Rc2 Ra6 53. Rd2 Kh5 54. Re2 h6 55. Rd2 g5 56. hxg5 hxg5 57. Rh2+ Kg6 58. Rg2 Ra4 59. fxg5 fxg5 60. Rd2 Ra3 61. Kf2 Kh5 62. Kg2 Kh4 63. Rd4+ f4 64. Rd2 Ra6 65. Re2 Ra8 66. Rd2 Kh5 67. Rc2 Ra3 68. Rd2 Kg6 69. Rc2 Kf5 70. Rd2 Ke5 71. Kf2 Kf5 72. Kg2 Kg6 73. Kf2 Kh5 74. Kg2 Ra4 75. Rc2 Rb4 76. Rd2 Rb1 77. Rc2 Rd1 78. Rb2 Re1 79. Rc2 Kh4 80. Rb2 Rc1 81. Rd2 g4 82. fxg4 Kxg4 83. Rd4 Rc2+ 84. Kg1 Kg3 85. Rd1 f3 86. a4 Rg2+ 87. Kh1 Rh2+ 88. Kg1 f2+ 0-1


[Site "https://www.chess.com"]

[Event "Titled Tuesday Blitz September 27 Early 2022"]
[White "Skliarov, Viktor"]
[Black "Kukreja, Sankalp"]
[WhiteFideId "14106736"]
[BlackFideId "45027676"]
[WhiteElo "2213"]
[BlackElo "2004"]
[Result "1-0"]
[Round "06"]
[TimeControl "180+1"]
[Date "2022.09.27"]
[WhiteClock "0:00:05"]
[BlackClock "0:00:10"]

1. e4 c5 2. Nf3 g6 3. d4 cxd4 4. Qxd4 Nf6 5. Nc3 Nc6 6. Qa4 d6 7. e5 dxe5 8. Nxe5 Bd7 9. Nxd7 Nxd7 10. Bb5 Bg7 11. Bxc6 bxc6 12. Qxc6 O-O 13. O-O Rc8 14. Qa6 Qb6 15. Qe2 e6 16. Ne4 Ne5 17. Bg5 f5 18. Nf6+ Rxf6 19. Qxe5 Rf7 20. Qe2 Qxb2 21. Qxe6 Qc3 22. Rad1 Rf8 23. Rd7 Qe5 24. Qxe5 Bxe5 25. Rxf7 Rxf7 26. Re1 Bd4 27. Re8+ Kg7 28. Re7 Rxe7 29. Bxe7 Kf7 30. Bb4 Ke6 31. c4 Ke5 32. Kf1 Bb6 33. Bc3+ Kd6 34. Bb4+ Bc5 35. Bd2 Bb6 36. Ke2 Ke5 37. Be3 Ba5 38. Bxa7 Bc7 39. f3 Ke6 40. h3 Kd6 41. Kd3 Ke5 42. Be3 Bd6 43. a4 Ke6 44. a5 1-0


[Site "https://www.chess.com"]

[Event "Titled Tuesday Blitz September 27 Early 2022"]
[White "Skuhala, Barbara"]
[Black "Tologon tegin, Semetei"]
[WhiteFideId "14605465"]
[BlackFideId "13800574"]
[WhiteElo "2155"]
[BlackElo "2174"]
[Result "0-1"]
[Round "06"]
[TimeControl "180+1"]
[Date "2022.09.27"]
[WhiteClock "0:02:31"]
[BlackClock "0:02:30"]

1. e4 e5 2. Nf3 Nc6 3. d4 exd4 4. Nxd4 Bb4+ 5. c3 Bc5 6. Be3 Bb6 7. Nd2 Nf6 8. Qc2 O-O 9. O-O-O Re8 10. f3 d5 11. Nxc6 bxc6 12. Bxb6 axb6 13. exd5 Nxd5 14. Ne4 Rxa2 15. Kb1 Ra5 16. c4 Bf5 17. g4 Bxe4 18. fxe4 Qa8 19. Kc1 Ne3 0-1


[Site "https://www.chess.com"]